 Dungeon Crawl Stone Soup version 0.30.1-4-g462c640d31 (webtiles) character file.

Game seed: 3997045683258346361

77 safid the Chiller (level 4, -7/33 HPs)
             Began as a Merfolk Ice Elementalist on Aug 31, 2023.
             Killed by divine providence
             ... invoked by an orc priest
              (16 damage)
             ... on level 3 of the Dungeon.
             The game lasted 00:01:56 (1929 turns).

safid the Chiller (Merfolk Ice Elementalist)        Turns: 1929, Time: 00:01:56

Health: -7/33      AC:  3    Str:  8    XL:     4   Next: 34%
Magic:  5/8        EV: 12    Int: 16    God:
Gold:   184        SH:  0    Dex: 14    Spells: 4/8 levels left

rFire   . . .        g - +4 short sword (freeze)
rCold   . . .        (no shield)
rNeg    . . .        a - +0 robe
rPois   .            (no helmet)
rElec   .            (no cloak)
rCorr   .            (no gloves)
SInv    .            l - +0 pair of boots
Will    .....        (no amulet)
Stlth   ++           k - ring of wizardry
HPRegen 0.25/turn    (no ring)
MPRegen 0.11/turn

%: wizardry (x1)
@: very slightly contaminated
A: (nimble swimmer 2), mertail
a: no special abilities


You were on level 3 of the Dungeon.
You visited 1 branch of the dungeon, and saw 3 of its levels.

You collected 184 gold pieces.

Inventory:

Hand Weapons
 g - a +4 short sword of freezing (weapon)
Armour
 a - a +0 robe (worn)
 l - a +0 pair of boots (worn)
Jewellery
 j - a ring of ice
 k - a ring of wizardry (left hand)
Scrolls
 d - a scroll of amnesia {unknown}
 e - 2 scrolls of torment {unknown}
 h - a scroll of fog {unknown}
 i - 2 scrolls of vulnerability {unknown}
 o - a scroll of acquirement {unknown}
 p - 4 scrolls of identify {unknown}
 q - a scroll of fear {unknown}
 t - a scroll of blinking {unknown}
Potions
 b - a potion of magic
 c - 3 potions of heal wounds {unknown}
 f - 3 potions of attraction {unknown}
 m - a potion of curing {unknown}
 n - 2 potions of ambrosia {unknown}
 r - 2 potions of mutation {unknown}
 s - a potion of resistance {unknown}


   Skills:
 + Level 2.2 Fighting
 - Level 2.6 Dodging
 - Level 2.1 Stealth
 + Level 2.8 Spellcasting
 + Level 5.1 Ice Magic


You had 4 spell levels left.
You knew the following spells:

 Your Spells              Type           Power      Damage    Failure   Level
a - Freeze                Ice            72%        1d8       1%          1
b - Frozen Ramparts       Ice            36%        1d6       2%          3

Your spell library contained the following spells:

 Spells                   Type           Power      Damage    Failure   Level
 Ozocubu's Armour         Ice            18%        N/A       2%          3
 Summon Ice Beast         Ice/Summ       10%        N/A       26%         4


Dungeon Overview and Level Annotations

Branches:
Dungeon (3/15)

Altars:


Innate Abilities, Weirdness & Mutations

((You are very nimble when in or above water. (Stealth+, EV+, Speed+++)))
Your lower body shifts to a powerful aquatic tail in water.


Message History

You puncture the orc! You freeze the orc.
You kill the orc!
The orc priest calls down the wrath of Beogh upon you.
You barely resist.
The orc priest mumbles some strange prayers to Beogh against you.
Beogh smites you!
Things that are here:
a +0 short sword; an orc corpse
Casting: Freeze (safe; 1% risk of failure)
Confirm with . or Enter, or press ? or * to list all spells.
Aiming: Freeze (safe; 1% risk of failure)
Press: ? - help, Shift-Dir - straight line, f - orc priest
Aim: an orc priest, wielding a +0 short sword and wearing a +0 chain mail You miscast Freeze.
You are very lightly contaminated with residual magic.
Nothing appears to happen.
The orc priest begins to cast a cantrip, but forgets the words!
Casting: Freeze (safe; 1% risk of failure)
Confirm with . or Enter, or press ? or * to list all spells.
Aiming: Freeze (safe; 1% risk of failure)
Press: ? - help, Shift-Dir - straight line, f/p - orc priest
Aim: an orc priest, wielding a +0 short sword and wearing a +0 chain mail You freeze the orc priest.
The orc priest is lightly wounded.
The orc priest closely misses you.
The orc priest looks encouraged for a moment.
Unknown command.
Casting: Freeze (safe; 1% risk of failure)
Confirm with . or Enter, or press ? or * to list all spells.
Aiming: Freeze (safe; 1% risk of failure)
Press: ? - help, Shift-Dir - straight line, f/p - orc priest
Aim: an orc priest, wielding a +0 short sword and wearing a +0 chain mail (lightly wounded)
You freeze the orc priest!
The orc priest is severely wounded.
The orc priest calls down the wrath of Beogh upon you.
Beogh smites you!
* * * LOW HITPOINT WARNING * * *
The orc priest invokes the aid of Beogh against you.
Beogh smites you!
You die...

###......###.###### #
#......##.......# #
#......##oo####.# #
#########..# #.# #
#..# #.# # #..####.#
# #.......# ######
#...####### .....#
####...oo@...#
####.###.....######.#
........>##.#...# #.#
###########.#.#.# #.#
#.#.#.# #.# #.#.#.#
#.# #.#.#.# #.#
#)#.#.# #.# ###.#.#.#
#.#


You could see 2 orc priests.

Vanquished Creatures
  Natasha (D:3)
  An adder (D:2)
  2 worms (D:2)
  2 dart slugs (D:2)
  An orc (D:3)
  5 endoplasms
  A giant cockroach (D:1)
  2 goblins (D:2)
  2 quokkas
  3 ball pythons
  4 bats
  A frilled lizard (D:2)
  7 kobolds
  6 rats
38 creatures vanquished.

Notes
Turn   | Place    | Note
-------+----------+-------------------------------------------
     0 | D:1      | safid the Merfolk Ice Elementalist began the quest for the
                  | Orb.
     0 | D:1      | Reached XP level 1. HP: 13/13 MP: 3/3
   215 | D:1      | Reached XP level 2. HP: 20/20 MP: 5/5
   270 | D:1      | Reached skill level 1 in Fighting
   946 | D:2      | Reached XP level 3. HP: 10/26 MP: 1/6
  1035 | D:2      | Learned a level 3 spell: Frozen Ramparts
  1724 | D:3      | Noticed Natasha
  1731 | D:3      | Killed Natasha
  1732 | D:3      | Reached skill level 5 in Ice Magic
  1732 | D:3      | Reached XP level 4. HP: 26/33 MP: 3/8
  1929 | D:3      | Killed from afar by an orc priest

Illustrated notes

Levels and vault maps discovered:
D:1:      elethiomel_arrival_shortcut, layout_loops_cross, minmay_misc_feat_chi
D:2:      layout_rooms, grunt_decor_junction
D:3:      layout_basic, serial_bayou_crossing, uniq_natasha, uniq_sigmund

Skill      XL: |  1  2  3 |
---------------+----------+-----
Fighting       | 1 2 |  2.2
Ice Magic      | 5 |  5.1
Dodging        | |  2.6
Stealth        | |  2.1
Spellcasting   | |  2.8

Action                     |  1- 3 |  4- 6 || total
---------------------------+-------+-------++-------
  Melee: Short sword       |    53 |     1 ||    54
         Unarmed           |     1 |       ||     1
   Cast: Freeze            |    26 |     2 ||    28
   Stab: Sleeping          |     5 |       ||     5
 Armour: Robe              |    17 |     1 ||    18
  Dodge: Dodged            |    27 |     1 ||    28
